 Dungeon Crawl Stone Soup version 0.22.0-1-g6561e4c (webtiles) character file.

2121 tsouns the Caller (level 9, -5/68 HPs)
             Began as a Human Summoner on Aug 12, 2018.
             Was a Believer of Sif Muna.
             Slain by a troll (9 damage)
             ... on level 9 of the Dungeon.
             The game lasted 00:29:14 (8385 turns).

tsouns the Caller (Human Summoner)                  Turns: 8385, Time: 00:29:15

Health: -5/68      AC:  7    Str: 11    XL:     9   Next: 54%
Magic:  3/17       EV: 13    Int: 19    God:    Sif Muna [**....]
Gold:   253        SH:  0    Dex: 18    Spells: 2/19 levels left

rFire    . . .     SeeInvis .   b - +2 spear (freeze)
rCold    + + .     Gourm    .   (no shield)
rNeg     . . .     Faith    .   J - +1 robe of Depression {rC++ Str+3 Dex+4}
rPois    .         Spirit   .   (no helmet)
rElec    .         Reflect  .   j - +1 cloak
rCorr    .         Harm     .   s - +1 pair of gloves
MR       +....                  (no boots)
Stlth    ++........             z - amulet of rage
HPRegen  0.21/turn              n - ring of protection from magic
MPRegen  0.15/turn              (no ring)

@: no status effects
A: no striking features
a: Divine Energy, Renounce Religion, Evoke Berserk Rage


You were on level 9 of the Dungeon.
You worshipped Sif Muna.
Sif Muna was pleased with you.
You were hungry.

You visited 2 branches of the dungeon, and saw 10 of its levels.

You collected 448 gold pieces.
You spent 195 gold pieces at shops.

Inventory:

Hand Weapons
 b - a +2 spear of freezing (weapon)
 G - a +0 trident
Missiles
 l - 241 stones (quivered)
 p - 13 tomahawks
Armour
 a - a +0 robe
 j - a +1 cloak (worn)
 s - a +1 pair of gloves (worn)
 J - the +1 robe of Depression (worn) {rC++ Str+3 Dex+4}
   (You found it on level 8 of the Dungeon)

   It affects your strength (+3).
   It affects your dexterity (+4).
   It greatly protects you from cold.
Jewellery
 n - a ring of protection from magic (left hand)
 z - an amulet of rage (around neck)
Wands
 w - a wand of iceblast (9)
 A - a wand of disintegration (16)
 C - a wand of acid (3)
 E - a wand of flame (24)
 F - a wand of paralysis (14)
Scrolls
 d - 7 scrolls of amnesia
 i - 3 scrolls of blinking
 m - 2 scrolls of fog
 t - 7 scrolls of remove curse
 u - a scroll of magic mapping
 y - a scroll of teleportation
 I - 2 scrolls of identify
Potions
 e - 2 potions of cancellation
 f - a potion of berserk rage
 g - a potion of haste
 h - a potion of invisibility
 k - a potion of heal wounds
 o - 2 potions of brilliance
 q - 3 potions of curing
 r - 2 potions of degeneration
 v - a potion of agility
 x - a potion of magic
 B - 3 potions of lignification
Comestibles
 c - 10 rations


   Skills:
 + Level 5.2 Fighting
 + Level 5.3 Polearms
 - Level 2.0 Dodging
 - Level 2.0 Stealth
 + Level 5.5 Spellcasting
 + Level 1.5 Conjurations
 + Level 6.9 Summonings
 + Level 1.6 Fire Magic
 + Level 3.0 Ice Magic


You had 2 spell levels left.
You knew the following spells:

 Your Spells              Type           Power        Failure   Level  Hunger
a - Summon Small Mammal   Summ           ####         1%          1    None
b - Call Imp              Summ           ####....     1%          2    None
c - Call Canine Familiar  Summ           ####....     1%          3    ##.....
d - Summon Guardian Gole  Hex/Summ       ###.....     9%          3    ##.....
e - Summon Ice Beast      Ice/Summ       ###.....     16%         4    ####...
f - Sticky Flame          Conj/Fire      ##......     52%         4    ####...

Your spell library contained the following spells:

 Spells                   Type           Power        Failure   Level  Hunger
 Bolt of Magma            Conj/Fire/Erth #.........   91%         5    #####..
 Confuse                  Hex            #.......     34%         3    ##.....
 Shock                    Conj/Air       #...         9%          1    None
 Confusing Touch          Hex            #.....       12%         1    None
 Metabolic Englaciation   Hex/Ice        ##........   87%         5    #####..
 Petrify                  Tmut/Erth      #.......     75%         4    ####...
 Summon Lightning Spire   Summ/Air       ###.....     28%         4    ####...
 Gell's Gravitas          Tloc           #.........   34%         3    ##.....
 Yara's Violent Unravell  Hex/Tmut       #.........   97%         5    #####..


Dungeon Overview and Level Annotations

Branches:
Dungeon (9/15)             Temple (1/1) D:5
   Lair: D:8-11         Orc: D:9-12

Altars:
Ashenzari
Elyvilon
Fedhas
Nemelex Xobeh
Qazlal
Ru
Sif Muna
Vehumet
Yredelemnul

Shops:
D:4 !


Message History

Aim: a troll (moderately wounded)
You hit the troll but do no damage.
The troll is moderately wounded.
Your ice beast completely misses the troll.
The yak gores your ice beast!
You hit the troll. You freeze the troll.
The troll is moderately wounded.
The troll barely misses you. The troll claws you. The troll claws you!
* * * LOW HITPOINT WARNING * * *
Your ice beast hits the troll.
Your ice beast freezes the troll.
The yak barely misses your ice beast.
You hit the troll. You freeze the troll.
The troll is severely wounded.
You are feeling hungry.
The troll bites you!
* * * LOW HITPOINT WARNING * * *
The troll claws you.
* * * LOW HITPOINT WARNING * * *
The troll claws you!
You die...

#.### #...#
###.# #.#
######.######
#....Y......#
#..<.Y......#
#....T........
#....@......#.
#...........#
#...........#
#############


You could see a yak, a troll and a friendly ice beast.

Vanquished Creatures
  A yak (D:9)
  An orc warrior (D:6)
  2 bullfrogs
  An elf skeleton (D:7)
  2 killer bees (D:8)
  A jelly (D:5)
  Crazy Yiuf (D:3)
  A bullfrog skeleton (D:6)
  A gnoll shaman (D:7)
  2 hounds
  4 iguanas
  A worker ant (D:8)
  A killer bee zombie (D:7)
  3 adders (D:3)
  6 gnolls
  2 shadow imps
  2 adder skeletons
  4 worms
  6 dart slugs
  A leopard gecko (D:6)
  6 orcs
  7 bats
  2 giant cockroaches
  2 gnoll zombies (D:6)
  5 goblins
  8 hobgoblins
  10 jackals
  3 quokkas
  2 ball pythons
  3 frilled lizards
  A giant cockroach zombie (D:6)
  6 kobolds
  A leopard gecko zombie (D:9)
  2 orc skeletons (D:7)
  A quokka skeleton (D:4)
  A quokka zombie (D:6)
  4 rats
107 creatures vanquished.

Vanquished Creatures (collateral kills)
  2 yaks
  2 hungry ghosts
  A water moccasin (D:6)
  2 ice beasts
  A necrophage (D:6)
  A phantom (D:4)
  4 ogres
  An elf zombie (D:7)
  A bullfrog (D:5)
  A scorpion (D:4)
  2 crimson imps
  2 orc wizards (D:6)
  A statue (D:6)
  4 worker ants
  A killer bee zombie (D:2)
  5 adders
  4 orcs
  2 giant cockroaches
  2 goblins
  4 hobgoblins
  A kobold (D:2)
  2 orc skeletons (D:7)
46 creatures vanquished.

Grand Total: 153 creatures vanquished

Notes
Turn   | Place    | Note
-------+----------+-------------------------------------------
     0 | D:1      | tsouns the Human Summoner began the quest for the Orb.
     0 | D:1      | Reached XP level 1. HP: 13/13 MP: 3/3
    90 | D:1      | Reached XP level 2. HP: 14/19 MP: 5/5
   376 | D:1      | Learned a level 2 spell: Call Imp
   532 | D:1      | Reached skill level 1 in Polearms
   658 | D:1      | Reached XP level 3. HP: 22/24 MP: 6/6
  1320 | D:2      | Found a white marble altar of Elyvilon.
  1322 | D:2      | Found a sacrificial altar of Ru.
  1325 | D:2      | Found a sparkling altar of Nemelex Xobeh.
  1618 | D:2      | Reached XP level 4. HP: 11/31 MP: 1/7
  1742 | D:2      | Reached skill level 1 in Fighting
  2174 | D:2      | Learned a level 3 spell: Call Canine Familiar
  2695 | D:3      | Found a runed door.
  2916 | D:3      | Reached XP level 5. HP: 37/37 MP: 9/9
  2919 | D:3      | Noticed an ogre
  2933 | D:3      | Killed an ogre
  3222 | D:3      | Found a deep blue altar of Sif Muna.
  3251 | D:3      | Became a worshipper of Sif Muna the Loreminder
  3313 | D:3      | Noticed Crazy Yiuf
  3325 | D:3      | Killed Crazy Yiuf
  3404 | D:4      | Noticed an ogre
  3411 | D:4      | Killed an ogre
  3411 | D:4      | Reached XP level 6. HP: 25/45 MP: 0/11
  3531 | D:4      | Reached skill level 5 in Summonings
  3915 | D:4      | Noticed a phantom
  3957 | D:4      | Killed a phantom
  3957 | D:4      | Reached XP level 7. HP: 29/51 MP: 3/12
  4344 | D:4      | Found Neamuq's Distillery.
  4350 | D:4      | Bought a potion of heal wounds for 65 gold pieces
  4350 | D:4      | Bought a potion of agility for 52 gold pieces
  4350 | D:4      | Bought a potion of curing for 39 gold pieces
  4350 | D:4      | Bought a potion of curing for 39 gold pieces
  4549 | D:4      | Learned a level 3 spell: Summon Guardian Golem
  4554 | D:4      | Learned a level 4 spell: Summon Ice Beast
  4572 | D:5      | Entered Level 5 of the Dungeon
  4845 | D:5      | Found a staircase to the Ecumenical Temple.
  4878 | D:5      | Found a stormy altar of Qazlal.
  4886 | Temple   | Entered the Ecumenical Temple
  4896 | D:5      | Found a blossoming altar of Fedhas.
  5821 | D:6      | Reached * piety under Sif Muna
  5821 | D:6      | Reached XP level 8. HP: 42/60 MP: 6/14
  5998 | D:6      | Reached skill level 6 in Summonings
  6123 | D:6      | Found a radiant altar of Vehumet.
  6290 | D:6      | Found a basalt altar of Yredelemnul.
  6577 | D:7      | Reached skill level 1 in Ice Magic
  6761 | D:7      | Found a shattered altar of Ashenzari.
  7172 | D:7      | Reached skill level 5 in Spellcasting
  7190 | D:7      | Reached ** piety under Sif Muna
  7190 | D:7      | Reached XP level 9. HP: 66/66 MP: 10/16
  7256 | D:7      | Found a sand-covered staircase.
  7393 | D:8      | Identified the Catalogue of Arcane Weapons
  7400 | D:8      | Learned a level 4 spell: Sticky Flame
  7410 | D:8      | You fall through a shaft!
  7441 | D:8      | Reached skill level 5 in Polearms
  7547 | D:8      | Noticed a queen bee
  7825 | D:8      | Got an ominously black robe
  7973 | D:8      | Identified the +1 robe of Depression {rC++ Str+3 Dex+4} (You found it on level 8 of the Dungeon)
  8015 | D:8      | Reached skill level 5 in Fighting
  8015 | D:8      | Reached skill level 1 in Conjurations
  8015 | D:8      | Reached skill level 1 in Fire Magic
  8359 | D:9      | Noticed a troll
  8385 | D:9      | Slain by a troll

Skill      XL: |  1  2  3  4  5  6  7  8  9 |
---------------+----------------------------+-----
Polearms       | 1 2 3 4 5 |  5.3
Fighting       | 1 2 3 4 5 |  5.2
Spellcasting   | 3 4 5 |  5.5
Summonings     | 5 6 |  6.9
Ice Magic      | 2 3 |  3.0
Conjurations   | 1 |  1.5
Fire Magic     | 1 |  1.6
Dodging        | |  2.0
Stealth        | |  2.0

Action                   |  1- 3 |  4- 6 |  7- 9 || total
-------------------------+-------+-------+-------++-------
Melee: Spear             |    98 |   137 |   424 ||   659
 Cast: Summon Small Mamm |     5 |     3 |     1 ||     9
       Call Imp          |     4 |    13 |    22 ||    39
       Call Canine Famil |       |    13 |    27 ||    40
       Summon Guardian G |       |       |     6 ||     6
       Summon Ice Beast  |       |       |     3 ||     3
Evoke: Wand              |       |       |     9 ||     9
  Use: Scroll            |       |    12 |    10 ||    22
       Potion            |       |       |     3 ||     3
 Stab: Sleeping          |     6 |     3 |     6 ||    15
       Distracted        |     1 |     1 |       ||     2
       Paralysed         |       |       |     4 ||     4
  Eat: Chunk             |     2 |    10 |     9 ||    21
       Ration            |       |       |     3 ||     3
Armor: Robe              |    10 |    12 |   101 ||   123
Dodge: Dodged            |    42 |    63 |   188 ||   293
